 Seeded DCSS version 0.28.0-43-g3370ac3207 (webtiles) character file.

Game seed: 7028883980165141862 (custom seed)

109 cbfl8 the Sneak (level 4, -5/40 HPs)
             Began as a Minotaur Delver on Mar 10, 2022.
             Slain by a mummy (10 damage)
             ... in an ossuary.
             The game lasted 00:01:50 (873 turns).

cbfl8 the Sneak (Minotaur Delver)                    Turns: 873, Time: 00:01:51

Health: -5/40      AC:  3    Str: 17    XL:     4   Next: 60%
Magic:  3/3        EV: 13    Int:  7    God:
Gold:   0          SH:  0    Dex: 20    Spells: 3/3 levels left

rFire   . . .      SeeInvis .   h - +5 long sword "Pamiu" {venom, *Rage rElec rPois Dex+7}
rCold   . . .      Faith    .   (no shield)
rNeg    . . .      Spirit   .   b - +0 leather armour
rPois   +          Reflect  .   (helmet restricted)
rElec   +          Harm     .   (no cloak)
rCorr   .          Rampage  .   (no gloves)
Will    .....      Rage     20% (no boots)
Stlth   +++.......              (no amulet)
HPRegen 0.13/turn               (no ring)
MPRegen 0.08/turn               (no ring)

@: on berserk cooldown, slowed, very slow
A: horns 2, retaliatory headbutt
a: no special abilities


You were in an ossuary.
You visited 1 branch of the dungeon, and saw 2 of its levels.
You also visited: Ossuary.

Inventory:

Hand Weapons
 a - a +0 hand axe
 h - the +5 long sword "Pamiu" (weapon) {venom, *Rage rElec rPois Dex+7}
   (You found it on level 5 of the Dungeon)

   It poisons the flesh of those it strikes.
   Dex:       It affects your dexterity (+7).
   rElec:     It insulates you from electricity.
   rPois:     It protects you from poison.
   *Rage:     It berserks you when you make melee attacks (+20% chance).
Armour
 b - a +0 leather armour (worn)
Wands
 g - a wand of digging (3)
Scrolls
 c - a scroll of fog
 d - a scroll of magic mapping
 e - a scroll of fear
 i - a scroll of blinking {unknown}
Potions
 f - a potion of haste


   Skills:
 + Level 4.1 Fighting
 + Level 2.5 Long Blades
 + Level 2.4 Axes
 + Level 0.9 Armour
 + Level 2.7 Dodging
 + Level 4.9 Stealth


You had 3 spell levels left.
You didn't know any spells.
Your spell library was empty.

Dungeon Overview and Level Annotations

Branches:
Dungeon (5/15)             Temple (0/1) D:4         Ossuary (1/1)

Altars:


Innate Abilities, Weirdness & Mutations

You have a pair of horns on your head.
You reflexively headbutt those who attack you in melee.


Message History

The mummy is severely damaged.
The mummy misses you.
You slash the mummy!
You destroy the mummy!
Your Long Blades skill increases to level 2!
You start resting.
You feel yourself speed up.
You start resting.
You recover from your berserk rage.
You start resting.
HP restored.
You start waiting.
Done waiting.
A mummy comes into view.
A mummy comes into view.
A red film seems to cover your vision as you go berserk!
You feel yourself moving faster!
You feel mighty!
You barely miss the mummy. You headbutt the mummy.
The mummy is lightly damaged.
The mummy barely misses you. You furiously retaliate!
You headbutt the mummy! You slash the mummy!
You destroy the mummy!
You feel a strong urge to attack something.
You slash the mummy! You headbutt the mummy.
You destroy the mummy!
A mummy comes into view.
You feel a strong urge to attack something.
You are no longer berserk.
You are exhausted.
You feel yourself slow down. The mummy hits you!
You closely miss the mummy. The mummy hits you!
You hit the mummy.
The mummy is moderately damaged.
The mummy hits you!
* * * LOW HITPOINT WARNING * * *
You hit the mummy. You headbutt the mummy!
The mummy is almost destroyed.
The mummy hits you!
You die...

################
##.........@M...#
##......####......#
#......##..##......#
#.....##....##.....#
#..................#
##................##
##..............##
#+##........##+#
##......##


You could see a mummy.

Vanquished Creatures
  8 mummies
  A ball python (D:4)
  An endoplasm (D:4)
  2 gnoll zombies (Ossuary)
  A kobold (D:4)
  2 kobold zombies (Ossuary)
  4 orc zombies (Ossuary)
19 creatures vanquished.

Notes
Turn   | Place    | Note
-------+----------+-------------------------------------------
     0 | D:5      | cbfl8 the Minotaur Delver began the quest for the Orb.
     0 | D:5      | Reached XP level 1. HP: 19/19 MP: 0/0
     6 | D:5      | Identified the +5 long sword "Pamiu" {venom, *Rage rElec
                  | rPois Dex+7}
    98 | D:4      | Found a staircase to the Ecumenical Temple.
   237 | D:4      | Found a sand-covered staircase.
   242 | D:4      | Reached XP level 2. HP: 22/27 MP: 1/1
   245 | Ossuary  | Entered an ossuary
   321 | Ossuary  | Reached skill level 1 in Long Blades
   427 | Ossuary  | Reached XP level 3. HP: 33/33 MP: 2/2
   494 | Ossuary  | Reached XP level 4. HP: 40/40 MP: 3/3
   873 | Ossuary  | Slain by a mummy

Illustrated notes

Levels and vault maps discovered:
D:4:      layout_gridville, temple_hall, biasface_ghost_orc_armoury,
          gup_ossuary_entry_pyramid
D:5:      layout_basic, nicolae_shop_self_help, uniq_sigmund
Ossuary:  ossuary_tomb_3

Skill      XL: |  1  2  3  4 |
---------------+-------------+-----
Long Blades    | 1 2 |  2.5
Fighting       | 4 |  4.1
Axes           | |  2.4
Armour         | |  0.9
Dodging        | |  2.7
Stealth        | |  4.9

Action                   |  1- 3 |  4- 6 || total
-------------------------+-------+-------++-------
Melee: Long sword        |    27 |    10 ||    37
       Headbutt          |     6 |     3 ||     9
 Stab: Sleeping          |     1 |       ||     1
Armor: Leather armour    |     4 |       ||     4
Dodge: Dodged            |    12 |     3 ||    15
